 Dungeon Crawl Stone Soup version 0.27-a0-1579-g97d2440184 (webtiles) character file.

Game seed: 10382538835444600022

137 dynsetu the Magician (level 5, -11/35 HPs)
             Began as a Djinni Fire Elementalist on July 17, 2021.
             Mangled by Crazy Yiuf (13 damage)
             ... on level 3 of the Dungeon.
             The game lasted 00:07:57 (3166 turns).

dynsetu the Magician (Djinni Fire Elementalist)     Turns: 3166, Time: 00:07:57

Health: -11/35     AC:  2    Str:  7    XL:     5   Next: 44%
Gold:   140        EV: 12    Int: 17    God:
                   SH:  0    Dex: 14

rFire    + + .     SeeInvis .   (no weapon)
rCold    x . .     Faith    +   (no shield)
rNeg     . . .     Spirit   .   a - +0 robe
rPois    ∞         Reflect  .   (no helmet)
rElec    .         Harm     .   (no cloak)
rCorr    +         Rampage  .   (no gloves)
Will     .....                  (boots unavailable)
Stlth    ++........             c - amulet of faith
HPRegen  0.11/turn              l - ring of resist corrosion
MPRegen  0.00/turn              (no ring)

@: flying, very slightly contaminated
A: sickness immunity, fire resistance 2, cold vulnerability 1, float, innate
caster, hp casting, extra vitality 1
a: no special abilities


You were on level 3 of the Dungeon.
You visited 1 branch of the dungeon, and saw 3 of its levels.

You collected 140 gold pieces.

Inventory:

Armour
 a - a +0 robe (worn)
Jewellery
 c - an amulet of faith (around neck)
 l - a ring of resist corrosion (left hand)
Wands
 n - a wand of polymorph (5)
Scrolls
 d - a scroll of torment {unknown}
 f - a scroll of acquirement {unknown}
 m - 2 scrolls of fear {unknown}
 o - a scroll of identify {unknown}
 p - a scroll of teleportation {unknown}
Potions
 b - 3 potions of attraction {unknown}
 e - 3 potions of resistance {unknown}
 g - 2 potions of haste {unknown}
 h - a potion of lignification {unknown}
 i - 3 potions of heal wounds {unknown}
 j - a potion of might {unknown}
 k - 2 potions of degeneration {unknown}


   Skills:
 + Level 2.7 Dodging
 + Level 2.0 Stealth
 + Level 4.1 Spellcasting


You couldn't memorise any spells.
You knew the following spells:

 Your Spells              Type           Power      Damage    Failure   Level
a - Foxfire               Conj/Fire      68%        2x1d7     3%          1
b - Conjure Flame         Conj/Fire      17%        6-21      9%          3
c - Inner Flame           Hex/Fire       17%        N/A       9%          3
d - Sticky Flame          Conj/Fire      17%        2d4       28%         4
e - Fireball              Conj/Fire      8%         3d6       63%         5
f - Shock                 Conj/Air       68%        1d7       3%          1
g - Wereblood             Tmut           17%        N/A       4%          2
Your spell library was empty.

Dungeon Overview and Level Annotations

Branches:
Dungeon (3/15)

Altars:

Annotations:
D:3 Crazy Yiuf


Innate Abilities, Weirdness & Mutations

You are immune to sickness and miasma.
You are immune to poison.
Your flesh is very heat resistant. (rF++)
You are vulnerable to cold. (rC-)
You float through the air rather than walking.
You learn spells naturally, not from books.
Your magical power is your life essence.
You have superior vitality. (+4 HP)


Message History

There is an open translucent door here.
Casting: Foxfire (safe; 3% risk of failure)
Confirm with . or Enter, or press ? or * to list all spells.
You conjure some foxfire!
Crazy Yiuf shouts!
Crazy Yiuf says, "Ten!
Cards light dark."
Casting: Foxfire (safe; 3% risk of failure)
Confirm with . or Enter, or press ? or * to list all spells.
You conjure some foxfire!
The foxfire hits Crazy Yiuf but does no damage.
Your foxfire dissipates!
The foxfire hits Crazy Yiuf.
Crazy Yiuf is moderately wounded.
The foxfire hits Crazy Yiuf but does no damage.
Crazy Yiuf is moderately wounded.
Casting: Foxfire (safe; 3% risk of failure)
Confirm with . or Enter, or press ? or * to list all spells.
The fire begins to smoulder!
Casting: Conjure Flame (dangerous; 9% risk of failure)
Confirm with . or Enter, or press ? or * to list all spells.
You conjure some foxfire!
Crazy Yiuf hits you with a +2 quarterstaff of chaos!
You smother the flame.
Your foxfire dissipates!
Crazy Yiuf whimpers, "Earwax Orb Guardian poople!"
Casting: Foxfire (safe; 3% risk of failure)
Confirm with . or Enter, or press ? or * to list all spells.
You miscast Conjure Flame.
You are very lightly contaminated with residual magic.
Nothing appears to happen.
Crazy Yiuf hits you with a +2 quarterstaff of chaos!
* * * LOW HITPOINT WARNING * * *
Crazy Yiuf says, "Crazy?
Crazy!?
PORCUPINE!"
Crazy Yiuf yells, "Mugger!
Orb sow mumblescurry."
Crazy Yiuf hits you with a +2 quarterstaff of chaos.
* * * LOW HITPOINT WARNING * * *
You reach down and open the door.
Crazy Yiuf whimpers, "Castle!
Key tired pizzabubble."
Crazy Yiuf hits you with a +2 quarterstaff of chaos!
You die...

................)####..........#
.......#......(..............).#
.......'.......................#
.......#......################.##
.......######.# #...
..........###.# ####
..........##..#### #### #...
..........##...'.## ###..)# ####
..........##....@g####.'...#
..........###......#..##...#
.[........# ##.+..#.### ####
..........# ######## ..........#
..........# ..........#
..........# ..........#


You could see Crazy Yiuf.

Vanquished Creatures
  Jessica (D:3)
  An adder (D:2)
  4 gnolls (D:3)
  3 dart slugs
  7 ball pythons
  2 bats
  3 endoplasms
  6 giant cockroaches
  6 goblins
  4 hobgoblins
  2 jackals (D:1)
  3 kobolds
  4 quokkas
  3 frilled lizards
  5 rats (D:1)
54 creatures vanquished.

Vanquished Creatures (others)
  153 foxfires
153 creatures vanquished.

Grand Total: 207 creatures vanquished

Notes
Turn   | Place    | Note
-------+----------+-------------------------------------------
     0 | D:1      | dynsetu the Djinni Fire Elementalist began the quest for
                  | the Orb.
     0 | D:1      | Reached XP level 1. HP: 15/15 MP: 0/0
   144 | D:1      | Reached XP level 2. HP: 11/21 MP: 0/0
   569 | D:1      | Reached skill level 3 in Spellcasting
   628 | D:1      | Reached XP level 3. HP: 20/25 MP: 0/0
   628 | D:1      | Learned a level 1 spell: Shock
   959 | D:1      | Found a faded altar of an unknown god.
  2108 | D:3      | Noticed Jessica
  2138 | D:3      | Killed Jessica
  2139 | D:3      | Reached XP level 4. HP: 24/31 MP: 0/0
  2363 | D:3      | Reached XP level 5. HP: 28/35 MP: 0/0
  2363 | D:3      | Learned a level 2 spell: Wereblood
  2418 | D:3      | Reached skill level 4 in Spellcasting
  2890 | D:3      | Found a runed translucent door.
  2891 | D:3      | Noticed Crazy Yiuf
  3162 | D:3      | HP: 1/35 [Crazy Yiuf (2)]
  3166 | D:3      | Mangled by Crazy Yiuf

Illustrated notes

Levels and vault maps discovered:
D:1:      psy_arrival_terrarium, layout_loops_ring,
          shapermc_ecumenical_altar_pompeii, minmay_pentomino_z2
D:2:      layout_loops_corners
D:3:      layout_basic, dk_noncrumbling_2, minivault_19,
          uniq_crazy_yiuf_cottage, uniq_jessica

Skill      XL: |  1  2  3  4  5 |
---------------+----------------+-----
Spellcasting   | 3 4 |  4.1
Stealth        | 2 |  2.0
Dodging        | |  2.7

Action                   |  1- 3 |  4- 6 || total
-------------------------+-------+-------++-------
Melee: Unarmed           |     5 |     8 ||    13
 Cast: Foxfire           |    52 |    46 ||    98
       Conjure Flame     |     1 |     2 ||     3
Armor: Robe              |     3 |     2 ||     5
Dodge: Dodged            |    10 |     8 ||    18

Table legend: (Time is in decaauts)
 A = Elapsed time spent in this place.
 B = Non-inter-level travel time spent in this place.
 C = Inter-level travel time spent in this place.
 D = Time resting spent in this place.
 E = Time spent auto-exploring this place.
 F = Levels seen in this place.
 G = Mean time per level.
                   A        B        C        D        E       F      G
               +--------+--------+--------+--------+--------+-----+--------+
         Total |   3166 |   3100 |     66 |    115 |   2615 |   3 | 1055.3 |
       Dungeon |   3166 |   3100 |     66 |    115 |   2615 |   3 | 1055.3 |
               +--------+--------+--------+--------+--------+-----+--------+

Top non-repeatable levels by time:
     D:3: 1179 daAuts
     D:1: 1117 daAuts
     D:2: 869 daAuts
